 Dungeon Crawl Stone Soup version 0.22-b1-59-g0aedee7 (webtiles) character file.

134 MTVSty1e the Chopper (level 5, -7/32 HPs)
             Began as a Gargoyle Monk on Aug 9, 2018.
             Mangled by an ogre
             ... wielding a +0 giant club
              (13 damage)
             ... on level 3 of the Dungeon.
             The game lasted 00:03:31 (2652 turns).

MTVSty1e the Chopper (Gargoyle Monk)                Turns: 2652, Time: 00:03:32

Health: -7/32      AC: 11    Str: 16    XL:     5   Next: 17%
Magic:  5/5        EV:  7    Int: 10    God:
Gold:   174        SH: 15    Dex: 15    Spells: 4/4 levels left

rFire    + . .     SeeInvis .   a - +0 hand axe
rCold    + . .     Gourm    .   f - +0 large shield
rNeg     + . .     Faith    .   n - +0 ring mail
rPois    ∞         Spirit   .   (no helmet)
rElec    +         Reflect  .   i - +0 cloak
rCorr    +         Harm     .   (no gloves)
MR       +....                  (no boots)
Stlth    ++........             r - amulet of magic regeneration
HPRegen  0.10/turn              g - +3 ring of dexterity
MPRegen  0.34/turn              m - ring of stealth

@: resistant
A: large bone plates 1, magic resistance 1, negative energy resistance 1, shaggy
fur 1, electricity resistance, unbreathing, petrification resistance, rot
immunity, sturdy frame 1, AC +4
a: no special abilities


You were on level 3 of the Dungeon.
You were not hungry.

You visited 1 branch of the dungeon, and saw 3 of its levels.

You collected 174 gold pieces.

Inventory:

Hand Weapons
 a - a +0 hand axe (weapon)
Armour
 f - a +0 large shield (worn)
 i - a +0 cloak (worn)
 n - a +0 ring mail (worn)
Jewellery
 g - a +3 ring of dexterity (left hand)
 m - a ring of stealth (right hand)
 r - an amulet of magic regeneration (around neck)
Wands
 s - a wand of scattershot (5)
Scrolls
 b - a scroll of fog {unknown}
 e - 3 scrolls of teleportation {unknown}
 j - 3 scrolls of identify {unknown}
 k - 2 scrolls of noise {unknown}
 l - a scroll of random uselessness {unknown}
 o - 6 scrolls of remove curse {unknown}
 p - a scroll of amnesia {unknown}
 v - a scroll of enchant armour {unknown}
Potions
 d - 3 potions of curing
 u - a potion of mutation
Comestibles
 c - 7 rations


   Skills:
 - Level 3.2 Fighting
 + Level 5.2 Axes
 - Level 2.4 Dodging
 - Level 2.1 Stealth


You had 4 spell levels left.
You didn't know any spells.
Your spell library was empty.

Dungeon Overview and Level Annotations

Branches:
Dungeon (3/15)

Altars:


Innate Abilities, Weirdness & Mutations

You are resistant to torment.
Your stone body is resilient. (AC +4)
You are immune to poison.
You resist negative energy. (rN+)
You are resistant to electric shocks. (rElec)
You can survive without breathing.
You are immune to petrification.
You are immune to rotting.
You are partially covered in large bone plates. (SH +4)
You are resistant to hostile enchantments. (MR+)
You are covered in fur. (AC +1)
Your movements are slightly less encumbered by armour. (ER -2)


Message History

* * * LOW HITPOINT WARNING * * *
You barely miss the ogre.
The ogre is lightly wounded.
You block the ogre's attack.
You hit the ogre.
The ogre is lightly wounded.
You block the ogre's attack.
You hit the ogre.
The ogre is moderately wounded.
You block the ogre's attack.
You hit the ogre.
The ogre is heavily wounded.
You hit the ogre.
The ogre is heavily wounded.
You block the ogre's attack.
You hit the ogre.
The ogre is severely wounded.
A rat comes into view.
The ogre hits you with a giant club!
You die...

#..............>.#
#.........#####..#
####)...)....## #..#
..............# #..#
####<.........####..###########
# #..........................#
# #....#......###..#########.#
# #.>.......#####..# #.# #
#####.r.....O@...# #†#
####.........######.# ##.#
..##.###.###.# #.# #####..###
.#...# #.# #.# #.####.........
###.## #.# #.# #...##.##P..#P#
# ##.# #.# #.# ###.##........#
###.## #.# #.# #.##.#P.P...#
.#..####.# #.# #.##.#......#
.........###.## #.##.#....P.#


You could see an ogre and a rat (wandering).

Vanquished Creatures
  A hound (D:3)
  An adder (D:3)
  An ooze (D:1)
  An adder skeleton (D:3)
  4 worms
  A dart slug (D:1)
  6 orcs
  6 bats
  3 giant cockroaches (D:3)
  11 goblins
  5 hobgoblins
  3 jackals (D:1)
  A quokka (D:3)
  A frilled lizard (D:3)
  8 kobolds
  11 rats
64 creatures vanquished.

Notes
Turn   | Place    | Note
-------+----------+-------------------------------------------
     0 | D:1      | MTVSty1e the Gargoyle Monk began the quest for the Orb.
     0 | D:1      | Reached XP level 1. HP: 14/14 MP: 1/1
    56 | D:1      | Reached skill level 3 in Axes
    60 | D:1      | Reached XP level 2. HP: 9/19 MP: 2/2
   425 | D:1      | Reached XP level 3. HP: 17/23 MP: 3/3
   776 | D:1      | Reached skill level 4 in Axes
  1142 | D:2      | Reached XP level 4. HP: 26/28 MP: 4/4
  1562 | D:3      | Noticed an ogre
  1570 | D:3      | Gained mutation: Your movements are slightly less encumbered by armour. (ER -2) [potion of mutation]
  1570 | D:3      | Gained mutation: You are resistant to hostile enchantments. (MR+) [potion of mutation]
  1570 | D:3      | Gained mutation: You are covered in fur. (AC +1) [potion of mutation]
  1570 | D:3      | Gained mutation: You are partially covered in large bone plates. (SH +4) [potion of mutation]
  2500 | D:3      | Reached skill level 5 in Axes
  2500 | D:3      | Reached XP level 5. HP: 29/32 MP: 5/5
  2652 | D:3      | Mangled by an ogre

Skill      XL: |  1  2  3  4 |
---------------+-------------+-----
Axes           | 3 4 5 |  5.2
Fighting       | |  3.2
Dodging        | |  2.4
Stealth        | |  2.1

Action                   |  1- 3 |  4- 6 || total
-------------------------+-------+-------++-------
Melee: Hand axe          |   129 |   123 ||   252
  Use: Potion            |       |     5 ||     5
 Stab: Sleeping          |     1 |     5 ||     6
  Eat: Ration            |       |     2 ||     2
       Chunk             |       |     1 ||     1
Armor: Robe              |    36 |       ||    36
       Leather armour    |    11 |       ||    11
       Ring mail         |     3 |    25 ||    28
Dodge: Dodged            |    55 |    13 ||    68
Block: Large shield      |    57 |    73 ||   130
